 Dungeon Crawl Stone Soup version 0.19-a0-805-g0a78ef0 (webtiles) character file.

7 TheGoonsmith the Chiller (level 2, 0/13 HPs)
             Began as a Vine Stalker Ice Elementalist on June 27, 2016.
             Slain by an ooze (3 damage)
             ... on level 1 of the Dungeon.
             The game lasted 00:00:33 (175 turns).

TheGoonsmith the Chiller (VSIE)                      Turns: 175, Time: 00:00:34

Health: 0/13       AC:  2    Str: 10    XL:     2   Next: 0%
Magic:  0/6        EV: 12    Int: 15    God:
Gold:   26         SH:  0    Dex: 14    Spells: 1 memorised, 4 levels left

rFire  . . .     SeeInvis .     j - +0 club
rCold  . . .     Gourm    .     a - +0 robe
rNeg   . . .     Faith    .     (no shield)
rPois  .         Spirit   +     (no helmet)
rElec  .         Dismiss  .     (no cloak)
rCorr  .         Reflect  .     (no gloves)
SustAt .         Harm     .     (no boots)
MR     .....                    (no amulet)
Stlth  ++........               (no ring)
                                (no ring)

@: not resistant to hostile enchantments, unstealthy
A: fangs 2, regeneration 1, magic shield, antimagic bite, no device heal 3, rot
immunity
a: no special abilities


You were on level 1 of the Dungeon.
You were not hungry.

You visited 1 branch of the dungeon, and saw 1 of its levels.

You collected 26 gold pieces.

Inventory:

Hand Weapons
 j - a +0 club (weapon)
Armour
 a - a +0 robe (worn)
Scrolls
 e - a scroll of noise {unknown}
 f - a scroll of magic mapping {unknown}
 h - a scroll of remove curse {unknown}
 k - a scroll of teleportation {unknown}
Books
 b - a book of Frost

   Spells                             Type                      Level
   a - Freeze                         Ice                          1
   b - Throw Frost                    Conjuration/Ice              2
   c - Ozocubu's Armour               Charms/Ice                   3
   d - Throw Icicle                   Conjuration/Ice              4
   e - Summon Ice Beast               Ice/Summoning                4
Comestibles
 c - a bread ration
 d - a meat ration
 g - a beef jerky
 i - a royal jelly


   Skills:
 - Level 1.5 Dodging
 - Level 2.4 Stealth
 + Level 2.4 Spellcasting
   Level 1.0 Conjurations
 * Level 3.3 Ice Magic


You had 4 spell levels left.
You knew the following spells:

 Your Spells              Type           Power        Failure   Level  Hunger
a - Freeze                Ice            ##..         8%          1    #......


Dungeon Overview and Level Annotations

Branches:
Dungeon (1/15)

Altars:


Innate Abilities, Weirdness & Mutations

You have extremely sharp teeth.
Your natural rate of healing is unusually fast.
When hurt, damage is shared between your health and your magic reserves.
Your bite disrupts and absorbs the magic of your enemies.
Potions and wands cannot restore your health.
You are immune to rotting.


Message History

The bat hits you.
* * * LOW HITPOINT WARNING * * *
Casting: Freeze
Confirm with . or Enter, or press ? or * to list all spells.
Aiming: Freeze
Press: ? - help, Shift-Dir - straight line, f/p - ooze
Aim: an ooze (lightly wounded)
You freeze the ooze.
The ooze is moderately wounded.
The bat misses you. The ooze closely misses you.
You are too injured to fight recklessly!
You are too injured to fight recklessly!
You are too injured to fight recklessly!
You hit the ooze. Your bite misses the ooze.
The ooze is heavily wounded.
The bat misses you. The ooze barely misses you.
You hit the ooze.
The ooze is severely wounded.
The bat barely misses you. The ooze hits you.
You die...

#....#......# #..........##
...#.......## #...........#
.#....[.....# #...........#.
.........†.####.............(
#.#.#.#.#.#...#..........##..
###########.#........†.......
...# ...###..........#...
.... .......[..b.......##..
...# ..#........@........# ..
...# . #.........J....$..##.
...# #........##..........#
...# #....###.##..........#
[..# ..# #.##..........# ...#
. #. #..........#
.................#
....#.#..........# ..
...#......#####


You could see an ooze and a bat.

Vanquished Creatures
  3 bats (D:1)
  A giant cockroach (D:1)
  A goblin (D:1)
  A giant newt (D:1)
6 creatures vanquished.

Notes
Turn   | Place    | Note
--------------------------------------------------------------
     0 | D:1      | TheGoonsmith the Vine Stalker Ice Elementalist began the quest for the Orb.
     0 | D:1      | Reached XP level 1. HP: 9/9 MP: 4/4
   146 | D:1      | Reached XP level 2. HP: 11/13 MP: 0/6
   175 | D:1      | Slain by an ooze

Vault maps used:
D:1:      co_arrival_square_in_a_square_in_a_square

Action                   || total
-------------------------++-------
Melee: Club              ||    11
       Bite              ||     2
       Unarmed           ||     1
 Cast: Freeze            ||    10
Armor: Robe              ||    10
Dodge: Dodged            ||    28
